 Dungeon Crawl Stone Soup version 0.17-a0-2127-g1cb09f6 (webtiles) character file.

27 septik the Sneak (level 2, 13/13 HPs)
             Began as a Spriggan Conjurer on Oct 22, 2015.
             Quit the game on level 2 of the Dungeon.
             The game lasted 00:06:30 (1317 turns).

septik the Sneak (Spriggan Conjurer)                Turns: 1317, Time: 00:06:30

Health: 13/13      AC:  2    Str:  4    XL:     2   Next: 93%
Magic:  0/6        EV: 18    Int: 16    God:
Gold:   20         SH:  0    Dex: 16    Spells: 1 memorised, 5 levels left

rFire  . . .     SeeInvis +     m - +0 dagger
rCold  . . .     Clarity  .     a - +0 robe
rNeg   . . .     SustAt   .     (shield restricted)
rPois  .         Gourm    .     (helmet restricted)
rElec  .         Spirit   .     (no cloak)
rCorr  .         Warding  .     (gloves unavailable)
rMut   .         Stasis   .     (boots unavailable)
MR     .....                    (no amulet)
Stlth  +++.......               (no ring)
                                (no ring)

@: very quick, not resistant to hostile enchantments, fairly stealthy
A: unfitting armour, see invisible, herbivore 3, speed 3, slow metabolism 2
a: no special abilities


You were on level 2 of the Dungeon.
You were not hungry.

You visited 1 branch of the dungeon, and saw 2 of its levels.

You collected 20 gold pieces.

Inventory:

Hand Weapons
 g - a +0 club
 m - a +0 dagger (weapon)
Armour
 a - a +0 robe (worn)
Scrolls
 d - a scroll of fog {unknown}
 i - a scroll of enchant weapon {unknown}
 j - a scroll of amnesia {unknown}
 n - a scroll of identify {unknown}
Potions
 e - a potion of magic {unknown}
 k - a potion of degeneration {unknown}
 l - a potion of curing {unknown}
Books
 b - a book of Conjurations

   Spells                             Type                      Level
   a - Magic Dart                     Conjuration                  1
   b - Searing Ray                    Conjuration                  2
   c - Dazzling Spray                 Conjuration/Hexes            3
   d - Fulminant Prism                Conjuration/Hexes            4
   e - Iskenderun's Mystic Blast      Conjuration                  4
   f - Iskenderun's Battlesphere      Conjuration/Charms           5
Comestibles
 c - a bread ration
 f - a slice of pizza
 h - a royal jelly


   Skills:
 * Level 1.2 Short Blades
 - Level 3.0 Dodging
 + Level 4.9 Stealth
 - Level 2.6 Spellcasting
 - Level 2.9 Conjurations


You had 5 spell levels left.
You knew the following spells:

 Your Spells              Type           Power        Failure   Level  Hunger
a - Magic Dart            Conj           ##..         8%          1    #......


Dungeon Overview and Level Annotations

Branches:
Dungeon (2/15)

Altars:


Innate Abilities, Weirdness & Mutations

You are tiny and cannot use many weapons and most armour.
You have supernaturally acute eyesight.
You are a herbivore.
You cover ground extremely quickly.
You need consume almost no food.


Message History

Aim: a giant gecko The magic dart hits the giant gecko.
The giant gecko is severely wounded.
The giant gecko misses you.
Casting: Magic Dart
Confirm with . or Enter, or press ? or * to list all spells.
Aiming: Magic Dart
Press: ? - help, Shift-Dir - straight line, f/p - giant gecko
Aim: a giant gecko (severely wounded)
The magic dart hits the giant gecko.
You kill the giant gecko!
You open the door.
A hobgoblin comes into view. It is wielding a club.
Casting: Magic Dart
Confirm with . or Enter, or press ? or * to list all spells.
You don't have enough magic to cast that spell.
Okay, then.
Quiver which item? (- for none, * to show all) (? for menu, Esc to quit)
Okay, then.
Are you sure you want to abandon this character and quit the game? (Confirm with "yes".)

####.......<)........
#..'.................
#.##.....#.##<......)
#.###....#.##........
#.####+########......
#.#.......# ........
#.#...♣...# ...#.....
###.#..♣.♣..#..#
.....
#...'.♣.♣.♣@'..# ....
#.#.#..♣.♣..#..# ....
#.#.#...♣...# ....
#.#.#.......# ...#
#.#.####+#### g.#
#.... .# #.... #
#....


You could see a hobgoblin (sleeping).

Vanquished Creatures
  An ooze (D:2)
  A giant gecko (D:2)
  A bat (D:1)
  2 giant cockroaches (D:1)
  5 goblins
  A hobgoblin (D:1)
  4 jackals (D:1)
  A giant newt (D:2)
  2 kobolds (D:1)
  2 rats (D:1)
20 creatures vanquished.

Notes
Turn   | Place    | Note
--------------------------------------------------------------
     0 | D:1      | septik the Spriggan Conjurer began the quest for the Orb.
     0 | D:1      | Reached XP level 1. HP: 9/9 MP: 5/5
   496 | D:1      | Reached skill level 4 in Stealth
   527 | D:1      | Reached XP level 2. HP: 8/13 MP: 2/6
  1279 | D:2      | Reached skill level 1 in Short Blades
  1317 | D:2      | Quit the game

Vault maps used:
D:1:      eino_arrival_water_cross, minmay_misc_feat_encased, st_stairs_11
D:2:      ecumenical_altar_1, kennysheep_generic_room_10

Action                   || total
-------------------------++-------
Melee: Club              ||    15
       Unarmed           ||     1
       Dagger            ||     5
 Cast: Magic Dart        ||    46
